AoeStats
← PALITOMAN

Arena

509477468Analyzed
3v3 RM · 5d ago on Sep 26, 2026· 46m 7s· 6 players
Game mode
Random Map
Map size
Normal (6 player)
Population
200
Speed
Normal
Resources
Standard
Victory
Conquest
Starting age
Dark Age
Ending age
Imperial Age
RankedLock teamsTeams togetherTeam positionsShared explorationLock speedFull tech treeHidden civsTurbo modeCheats
Victory
Defeat
🇲🇽 Teutons · Mexico
1216
+15
1203
+15
🇲🇽 Georgians · Mexico
1172
+17
🇲🇽 Portuguese · Mexico
1268
-20
🇦🇷 Slavs · Argentina
1154
-14
🇪🇸 Burgundians · Spain
1136
-13
NotAcuna_
10:53 Feudal Age
12:37 Double-Bit Axe
14:53 Castle Age
12:56 Horse Collar
14:23 Gold Mining
15:57 Bow Saw
22:34 Wheelbarrow
22:02 Town Watch
24:59 Scale Barding Armor
25:43 Forging
25:41 Heavy Plow
26:13 Hand Cart
26:37 Bloodlines
26:27 Husbandry
27:50 Chain Barding Armor
28:05 Iron Casting
28:20 Husbandry
31:42 Imperial Age
31:23 Town Patrol
31:08 Loom
33:02 Plate Barding Armor
33:27 Blast Furnace
33:19 Aznauri Cavalry
34:43 Chemistry
34:29 Conscription
35:22 Svan Towers
36:50 Elite Monaspa
41:32 Hoardings
DSLG | Giuseppe Colaprete
11:35 Feudal Age
13:56 Loom
18:13 Castle Age
34:05 Double-Bit Axe
42:37 Bloodlines
42:28 Husbandry
41:48 Light Cavalry
DSLG | Rommel
7:29 Loom
9:43 Feudal Age
16:16 Castle Age
16:28 Double-Bit Axe
16:30 Horse Collar
19:54 Scale Mail Armor
42:41 Forging
42:37 Scale Barding Armor
ELTRAVERO
10:36 Feudal Age
10:24 Loom
11:56 Double-Bit Axe
16:27 Castle Age
14:57 Gold Mining
18:58 Redemption
19:05 Town Watch
19:45 Sanctity
27:51 Atonement
28:23 Bow Saw
30:06 Wheelbarrow
32:36 Hand Cart
32:56 Town Patrol
35:42 Imperial Age
33:31 Scale Mail Armor
33:41 Forging
33:38 Scale Barding Armor
34:34 Horse Collar
35:08 Detinets
35:49 Chain Barding Armor
35:39 Forging
36:12 Scale Mail Armor
38:55 Bloodlines
38:45 Husbandry
39:09 Light Cavalry
40:10 Hussar
41:32 Plate Barding Armor
41:33 Iron Casting
PALITOMAN
7:44 Loom
8:34 Wheelbarrow
7:51 Double-Bit Axe
12:14 Feudal Age
15:06 Bow Saw
16:52 Forging
18:46 Castle Age
17:38 Scale Mail Armor
17:59 Horse Collar
19:32 Arson
20:41 Iron Casting
23:02 Scale Mail Armor
30:13 Squires
30:36 Chain Mail Armor
31:33 Two-Man Saw
32:48 Wheelbarrow
36:39 Imperial Age
34:06 Fletching
37:19 Imperial Age
35:07 Hand Cart
34:44 Gold Mining
39:26 Pikeman
40:22 Halberdier
fasdark333
8:55 Loom
11:04 Feudal Age
15:35 Castle Age
14:18 Double-Bit Axe
14:15 Horse Collar
15:44 Loom
21:30 Bow Saw
30:10 Fletching
34:25 Imperial Age
35:04 Heavy Plow
40:53 Two-Man Saw
39:52 Stone Mining
39:53 Gold Mining
44:53 Scale Mail Armor
45:04 Forging
45:52 Chain Mail Armor
45:18 Pikeman
Connection lost

Rejoining the realm…

Still unreachable

The connection could not be restored.

Session expired

The server has moved on; the page needs a fresh start.